 Dungeon Crawl Stone Soup version 0.30-a0-167-g62a5988fa7 (webtiles) character file.

Game seed: 9213802131202300451

1362 qw the Cleaver (level 8, -12/51 HPs)
             Began as a Gargoyle Fighter on Sept 29, 2022.
             Killed by divine providence
             ... invoked by an orc priest
              (15 damage)
             ... on level 6 of the Dungeon.
             The game lasted 00:01:45 (4724 turns).

qw the Cleaver (Gargoyle Fighter)                   Turns: 4724, Time: 00:01:45

Health: -12/51     AC: 17    Str: 23    XL:     8   Next: 64%
Magic:  8/8        EV:  8    Int:  8    God:
Gold:   112        SH:  5    Dex: 15    Spells: 7/7 levels left

rFire   . . .      SeeInvis .    Y - +1 war axe
rCold   . . .      Faith    .    c - +0 buckler
rNeg    + . .      Spirit   .    f - +0 chain mail
rPois   inf        Reflect  .    (no helmet)
rElec   +          Harm     .    (no cloak)
rCorr   .          Rampage  .    e - +0 pair of gloves
Will    .....                    i - +0 pair of boots
Stlth   ..........               (no amulet)
HPRegen 0.17/turn                g - +6 ring of dexterity
MPRegen 0.11/turn                (no ring)

@: no status effects
A: sickness immunity, AC +5, negative energy resistance 1, electricity
resistance, torment resistance 1, petrification resistance
a: no special abilities


You were on level 6 of the Dungeon.
You visited 1 branch of the dungeon, and saw 8 of its levels.

You collected 252 gold pieces.
You spent 140 gold pieces at shops.


Innate Abilities, Weirdness & Mutations

You are immune to sickness and miasma.
Your stone body is resilient. (AC +5)
You are immune to poison.
You resist negative energy. (rN+)
You are resistant to electric shocks. (rElec)
You are resistant to unholy torment.
You are immune to petrification.


   Skills:
 - Level 6.0 Fighting
 - Level 8.0 Axes
 - Level 1.6 Throwing
 - Level 4.0 Armour
 + Level 1.0 Dodging
 - Level 3.2 Shields


You had 7 spell levels left.
You didn't know any spells.
Your spell library was empty.

Inventory:

Hand Weapons
 a - a +0 morningstar
 Y - a +1 war axe (weapon)
Missiles
 b - a boomerang (quivered)
Armour
 c - a +0 buckler (worn)
 e - a +0 pair of gloves (worn)
 f - a +0 chain mail (worn)
 i - a +0 pair of boots (worn)
Jewellery
 g - a +6 ring of dexterity (left hand)
Scrolls
 j - 7 scrolls of identify
Potions
 d - a potion of might

Dungeon Overview and Level Annotations

Branches:
Dungeon (8/15)
 Temple: D:4-7         Lair: D:8-11

Altars:

Shops:
D:3 =(!?:   D:4 ?   D:6 *

Annotations:
D:4 2 transporters, qw's ghost, amateur GrFi


Message History

The orc priest casts a cantrip, but nothing happens.
You block the orc's attack.
You slash the orc!
You kill the orc!
An orc comes into view. It is wielding a +0 whip.
The orc wizard casts a spell at you. The puff of flame hits you!
The orc priest miscasts a cantrip.
You slash the orc wizard!
The orc wizard is heavily wounded.
The orc wizard gestures at you while chanting.
You are confused.
You bump into the rock wall.
The orc wizard hits you but does no damage.
You miss the orc wizard.
The orc wizard is heavily wounded.
The orc wizard hits you with a +0 dagger.
You barely miss the orc wizard.
The orc wizard is heavily wounded.
The orc priest mumbles some strange prayers to Beogh against you.
Beogh smites you! The orc wizard closely misses you.
You slash the orc wizard!
You kill the orc wizard!
The orc priest calls down the wrath of Beogh upon you.
Pain shoots through your body!
Your Armour skill increases to level 4!
You feel less confused.
Things that are here:
a +0 club; a +0 scale mail; 4 gold pieces You hit the orc.
The orc is moderately wounded.
You block the orc's attack. The orc hits you but does no damage.
You hit the orc but do no damage.
The orc is moderately wounded.
The orc hits you but does no damage.
You slice the orc!!
You kill the orc!
The orc priest invokes the aid of Beogh against you.
Beogh smites you!
You die...

#..#
##.##
##...#
#....#
##.###
#.#
#.#
#.#
#@#
#)#
#o#
#..
#.#.
.....
.#. .#
. # .#
.\ #


You could see an orc priest.

Vanquished Creatures
  Grinder (D:4)
  Sigmund (D:4)
  A water moccasin (D:5)
  An ice beast (D:7)
  An ogre (D:4)
  A gnoll sergeant (D:7)
  5 killer bees (D:8)
  2 jellies
  2 orc priests
  2 hounds
  2 iguanas (D:4)
  An orc wizard (D:6)
  5 gnolls (D:7)
  3 adders
  A shadow imp (D:7)
  2 white imps (D:6)
  3 worms
  8 orcs
  7 endoplasms
  6 giant cockroaches
  7 hobgoblins
  3 quokkas
  12 ball pythons
  5 bats
  3 frilled lizards
  7 goblins
  4 kobolds
  7 rats
103 creatures vanquished.

Vanquished Creatures (others)
  An orc wizard (D:4)
1 creature vanquished.

Grand Total: 104 creatures vanquished

Notes
Turn   | Place    | Note
-------+----------+-------------------------------------------
     0 | D:1      | qw the Gargoyle Fighter began the quest for the Orb.
     0 | D:1      | Reached XP level 1. HP: 14/14 MP: 1/1
     0 | D:1      | 0 ||| qw: Version: 0.2-a-12-gaebbb33
     0 | D:1      | 0 ||| qw: Game counter: 1081
     0 | D:1      | 0 ||| qw: Always use a shield: true
     0 | D:1      | 0 ||| qw: God list: Okawaru
     0 | D:1      | 0 ||| qw: Allow faded altars: false
     0 | D:1      | 0 ||| qw: Do Orc after D:15 true
     0 | D:1      | 0 ||| qw: Do second Lair branch before Depths: true
     0 | D:1      | 0 ||| qw: Lair rune preference: random
     0 | D:1      | 0 ||| qw: Plans: Normal, Zot:1-4, God:TSO, Crypt, Tomb,
                  | Pan, Slime:5, Hells, Abyss, Orb
     0 | D:1      | 0 ||| PLANNING D:1-11
   157 | D:1      | Reached skill level 2 in Axes
   273 | D:1      | Reached XP level 2. HP: 19/19 MP: 2/2
   378 | D:1      | Found a faded altar of an unknown god.
   988 | D:1      | 988 ||| UPGRADING to +6 ring of dexterity.
   989 | D:1      | 989 ||| READING scroll labelled ACAMUT ZETE.
   993 | D:1      | 993 ||| READING scroll labelled DULEARRUOJ.
   994 | D:1      | 994 ||| DRINKING 2 murky silvery potions.
  1010 | D:2      | 1010 ||| STAIRDANCE
  1012 | D:2      | 1012 ||| STAIRDANCE
  1015 | D:1      | Reached skill level 3 in Axes
  1017 | D:2      | 1017 ||| STAIRDANCE
  1088 | D:2      | Reached XP level 3. HP: 12/23 MP: 3/3
  1088 | D:2      | 1088 ||| STAIRDANCE
  1342 | D:2      | 1342 ||| Stepping ~*~*~tactically~*~*~ (stealth).
  1343 | D:2      | 1343 ||| Stepping ~*~*~tactically~*~*~ (stealth).
  1413 | D:2      | 1413 ||| Stepping ~*~*~tactically~*~*~ (hiding).
  1424 | D:2      | Reached skill level 1 in Dodging
  1850 | D:2      | 1850 ||| READING scroll labelled JATECR GUHE.
  1851 | D:2      | 1851 ||| READING scroll labelled RYZ YSKIMM.
  1908 | D:3      | Found Hatsocs's Weapon Boutique.
  1914 | D:3      | 1914 ||| BUYING +0 morningstar (56 gold).
  1914 | D:3      | Bought a +0 morningstar for 56 gold pieces
  1914 | D:3      | 1914 ||| Stepping ~*~*~tactically~*~*~ (stealth).
  1915 | D:3      | 1915 ||| DROPPING +0 club.
  1920 | D:3      | 1920 ||| Stepping ~*~*~tactically~*~*~ (stealth).
  1934 | D:3      | Reached XP level 4. HP: 18/28 MP: 4/4
  1938 | D:3      | Reached skill level 4 in Axes
  2182 | D:3      | Found Tarreyh's Jewellery Shop.
  2187 | D:3      | 2187 ||| SHOPLISTING +4 ring of evasion (504 gold, have
                  | 43).
  2187 | D:3      | 2187 ||| SHOPLISTING amulet of the acrobat (420 gold, have
                  | 43).
  2187 | D:3      | 2187 ||| SHOPLISTING ring of ice (350 gold, have 43).
  2187 | D:3      | 2187 ||| SHOPLISTING ring of protection from cold (350
                  | gold, have 43).
  2187 | D:3      | 2187 ||| SHOPLISTING ring of resist corrosion (280 gold,
                  | have 43).
  2187 | D:3      | 2187 ||| SHOPLISTING ring of see invisible (210 gold, have
                  | 43).
  2187 | D:3      | 2187 ||| SHOPLISTING ring of willpower (350 gold, have 43).
  2315 | D:3      | Found Loix's Magic Scroll Boutique.
  2323 | D:3      | 2323 ||| BUYING scroll of identify (24 gold).
  2323 | D:3      | Bought a scroll of identify for 24 gold pieces
  2323 | D:3      | 2323 ||| SHOPLISTING scroll of identify (24 gold, have 19).
  2323 | D:3      | 2323 ||| SHOPLISTING scroll of teleportation (36 gold, have
                  | 19).
  2400 | D:3      | Found Hemoxov's Book Shop.
  2471 | D:3      | Found Utourph's Distillery.
  2476 | D:3      | 2476 ||| SHOPLISTING potion of curing (36 gold, have 32).
  2476 | D:3      | 2476 ||| SHOPLISTING potion of haste (120 gold, have 32).
  2476 | D:3      | 2476 ||| SHOPLISTING potion of heal wounds (60 gold, have
                  | 32).
  2476 | D:3      | 2476 ||| SHOPLISTING potion of lignification (36 gold, have
                  | 32).
  2476 | D:3      | 2476 ||| SHOPLISTING potion of mutation (96 gold, have 32).
  2651 | D:3      | 2651 ||| UPGRADING to +0 chain mail.
  2661 | D:3      | 2661 ||| DROPPING +0 scale mail.
  2662 | D:3      | 2662 ||| READING scroll labelled NETREF ZESI.
  2663 | D:3      | 2663 ||| READING 2 scrolls of identify.
  2663 | D:3      | 2663 ||| IDENTIFYING pink potion
  2664 | D:3      | 2664 ||| DROPPING potion of brilliance.
  2688 | D:4      | Reached XP level 5. HP: 32/32 MP: 5/5
  2722 | D:4      | 2722 ||| Stepping ~*~*~tactically~*~*~ (stealth).
  2750 | D:4      | Noticed Sigmund
  2759 | D:4      | Killed Sigmund
  2760 | D:4      | Reached skill level 5 in Axes
  2760 | D:4      | Reached XP level 6. HP: 19/37 MP: 6/6
  2840 | D:4      | 2840 ||| FLEEEEING.
  2978 | D:4      | Found a transporter.
  2980 | D:4      | Noticed qw's ghost (amateur GrFi)
  2997 | D:4      | Found Orut Ila's Magic Scroll Emporium.
  3025 | D:4      | 3025 ||| BUYING scroll of identify (20 gold).
  3025 | D:4      | Bought a scroll of identify for 20 gold pieces
  3025 | D:4      | 3025 ||| BUYING scroll of identify (20 gold).
  3025 | D:4      | Bought a scroll of identify for 20 gold pieces
  3025 | D:4      | 3025 ||| BUYING scroll of identify (20 gold).
  3025 | D:4      | Bought a scroll of identify for 20 gold pieces
  3032 | D:4      | Noticed Grinder
  3033 | D:4      | 3033 ||| Stepping ~*~*~tactically~*~*~ (stealth).
  3054 | D:4      | 3054 ||| Stepping ~*~*~tactically~*~*~ (hiding).
  3056 | D:4      | Paralysed by Grinder for 4 turns
  3063 | D:4      | Paralysed by Grinder for 5 turns
  3073 | D:4      | 3073 ||| FLEEEEING.
  3077 | D:4      | 3077 ||| FLEEEEING.
  3078 | D:4      | Paralysed by Grinder for 5 turns
  3088 | D:4      | Killed Grinder
  3089 | D:4      | Reached XP level 7. HP: 17/44 MP: 7/7
  3090 | D:4      | 3090 ||| FLEEEEING.
  3093 | D:4      | 3093 ||| STAIRDANCE
  3279 | D:3      | 3279 ||| READING scroll labelled COKLIV CUFYSCH.
  3280 | D:3      | 3280 ||| READING scroll labelled NIGOGA UJYTZ.
  3281 | D:3      | 3281 ||| READING scroll labelled MEHOER CENUSINE.
  3287 | D:4      | Reached skill level 6 in Axes
  3335 | D:4      | Identified the +8 spear of the Land of Plenty {vamp, rN+
                  | Will+ Str+2}
  3439 | D:4      | 3439 ||| Stepping ~*~*~tactically~*~*~ (stealth).
  3440 | D:4      | 3440 ||| Stepping ~*~*~tactically~*~*~ (stealth).
  3693 | D:4      | Found a transporter.
  4027 | D:5      | Entered Level 5 of the Dungeon
  4032 | D:5      | Reached skill level 7 in Axes
  4032 | D:5      | 4032 ||| STAIRDANCE
  4121 | D:5      | Reached XP level 8. HP: 50/50 MP: 8/8
  4121 | D:5      | You fall into a shaft and drop 3 floors!
  4123 | D:8      | 4123 ||| Stepping ~*~*~tactically~*~*~ (stealth).
  4125 | D:8      | 4125 ||| Stepping ~*~*~tactically~*~*~ (stealth).
  4133 | D:8      | Reached skill level 1 in Throwing
  4378 | D:8      | 4378 ||| UPGRADING to +0 pair of gloves.
  4401 | D:7      | Reached skill level 8 in Axes
  4404 | D:7      | HP: 11/50 [gnoll/+2 flail of protection[a gnoll sergeant]
                  | (4)]
  4405 | D:7      | 4405 ||| DRINKING 2 potions of heal wounds.
  4411 | D:7      | HP: 12/50 [gnoll sergeant/+1 vampiric trident (1)]
  4412 | D:7      | 4412 ||| DRINKING potion of heal wounds.
  4422 | D:7      | Reached skill level 6 in Fighting
  4579 | D:7      | 4579 ||| UPGRADING to +0 pair of boots.
  4584 | D:7      | 4584 ||| READING scroll labelled KYJA KAUTEVVO.
  4711 | D:6      | Found Nautoa's Overcharged Wands.
  4719 | D:6      | HP: 7/51 [orc priest/divine providence (9)]
  4720 | D:6      | HP: 2/51 [orc priest/nerve-wracking pain (5)]
  4724 | D:6      | Killed from afar by an orc priest

Levels and vault maps discovered:
D:1:      sevenhm_arrival_forest_fort_small_5, layout_basic,
          dreamdust_ecumenical_altar_angels_and_demons, serial_rivers,
          chequers_serial_rivers_room_a, chequers_serial_rivers_small_b,
          chequers_serial_rivers_large_a, chequers_serial_rivers_small_b
D:2:      layout_rooms, serial_curves, eino_curves_01, eino_curves_03
D:3:      layout_loops_ring, serial_shops, shop, shop, shop, shop, shop
D:4:      layout_basic, gammafunk_ghost_mausoleum, serial_shops, shop,
          uniq_grinder, uniq_sigmund
D:5:      layout_loops_ring, minmay_overflow_temple_hex,
          nicolae_overflow_hidden_temple, uniq_ijyb
D:6:      kennysheep_six_static_rooms, layout_basic,
          nicolae_shop_overcharged_wands, uniq_edmund, uniq_eustachio,
          uniq_duvessa
D:7:      minmay_the_grid_triangle_9x9_rhombus_full
          [minmay_the_grid_triangle_9x9_corrupted_corridor,
          minmay_the_grid_triangle_9x9_warning,
          minmay_the_grid_triangle_9x9_dagger,
          minmay_the_grid_triangle_9x9_stretched_checkered,
          minmay_the_grid_triangle_9x9_alien,
          minmay_the_grid_triangle_9x9_skeleton,
          minmay_the_grid_triangle_9x9_from_above,
          minmay_the_grid_triangle_9x9_prize_center], layout_cave_pools,
          minmay_temple_entry_enclosed_plants, serial_shops,
          nicolae_take_the_stairs, minivault_5, nicolae_stop_n_shop_2,
          kennysheep_flooded_box, minmay_mini_ossuary, uniq_prince_ribbit1
D:8:      layout_loops_ring

Skill      XL: |  1  2  3  4  5  6  7  8 |
---------------+-------------------------+-----
Axes           | 2 3 4 5 7 8 |  8.0
Dodging        | 1 |  1.0
Fighting       | 5 6 |  6.0
Throwing       | 1 |  1.6
Armour         | 4 |  4.0
Shields        | |  3.2

Action                   |  1- 3 |  4- 6 |  7- 9 || total
-------------------------+-------+-------+-------++-------
Melee: War axe           |   133 |    64 |   107 ||   304
Throw: Boomerang         |       |     2 |    20 ||    22
  Use: Scroll            |     4 |     2 |     4 ||    10
       Potion            |     1 |       |     2 ||     3
Armor: Scale mail        |    77 |    14 |       ||    91
       Chain mail        |       |    26 |    80 ||   106
Dodge: Dodged            |    62 |    26 |    58 ||   146
Block: Buckler           |    33 |     9 |    35 ||    77

Table legend:
 A = Non-vault XP
 B = Vault XP
 C = Vault XP percentage of total XP
 D = Non-vault monster count
 E = Vault monster count
 F = Vault count percentage of total count
                 A         B        C        D         E       F
            +---------+---------+-------+---------+---------+-------
      Total |    1457 |     493 |  25.3 |     102 |       2 |   1.9
            +---------+---------+-------+---------+---------+-------
        D:1 |      29 |       0 |   0.0 |      17 |       0 |   0.0
        D:2 |      38 |       0 |   0.0 |      24 |       0 |   0.0
        D:3 |      75 |       0 |   0.0 |      14 |       0 |   0.0
        D:4 |     390 |     493 |  55.8 |      24 |       2 |   7.7
        D:5 |     191 |       0 |   0.0 |       2 |       0 |   0.0
        D:6 |     119 |       0 |   0.0 |       7 |       0 |   0.0
        D:7 |     301 |       0 |   0.0 |       8 |       0 |   0.0
        D:8 |     314 |       0 |   0.0 |       6 |       0 |   0.0
            +---------+---------+-------+---------+---------+-------
